 Dungeon Crawl Stone Soup version 0.31.0-9-g3a7656b989 (webtiles) character file.

Game seed: 16767085187158261344

31 qw the Shooter (level 3, 0/20 HPs)
             Began as a Deep Elf Hunter on Feb 2, 2024.
             Slain by a phantom (3 damage)
             ... on level 2 of the Dungeon.
             The game lasted 00:00:02 (769 turns).

qw the Shooter (Deep Elf Hunter)                     Turns: 769, Time: 00:00:03

Health: 0/20       AC:  4    Str: 10    XL:     3   Next: 7%
Magic:  0/5        EV: 13    Int: 13    God:
Gold:   44         SH:  0    Dex: 24    Spells: 2/2 levels left

rFire   . . .        a - +0 shortbow
rCold   . . .        (shield currently unavailable)
rNeg    . . .        c - +0 leather armour
rPois   .            h - +0 helmet
rElec   .            (no cloak)
rCorr   .            (no gloves)
SInv    .            (no boots)
Will    .....        j - amulet of guardian spirit
Stlth   ++           f - +6 ring of dexterity
HPRegen 0.23/turn    (no ring)
MPRegen 0.09/turn

%: guardian spirit
@: no status effects
A: no striking features
a: no special abilities


You were on level 2 of the Dungeon.
You visited 1 branch of the dungeon, and saw 2 of its levels.

You collected 44 gold pieces.


   Skills:
 - Level 1.5 Fighting
 + Level 6.7 Ranged Weapons
 - Level 2.4 Dodging
 - Level 1.2 Stealth


You had 2 spell levels left.
You didn't know any spells.
Your spell library was empty.

Inventory:

Hand Weapons
 a - a +0 shortbow (weapon)
Armour
 c - a +0 leather armour (worn)
 h - a +0 helmet (worn)
Jewellery
 f - a +6 ring of dexterity (left hand)
 j - an amulet of guardian spirit (around neck)
Potions
 b - a potion of might {unknown}
 d - a potion of enlightenment {unknown}
 e - a potion of heal wounds {unknown}
 g - a potion of curing {unknown}

Dungeon Overview and Level Annotations

Branches:
Dungeon (2/15)

Altars:

Shops:
D:2 [


Message History

b - a bubbling inky potion You feel a little less clever now.
You open the door.
There is an open door here.
There is an entrance to Lelirea's Armour Emporium here.
752 ||| SHOPLISTING +0 pair of gloves (54 gold, have 44).
You can access your shopping list by pressing '$'.
752 ||| SHOPLISTING +1 scale mail of poison resistance (156 gold, have 44).
You can access your shopping list by pressing '$'.
752 ||| SHOPLISTING +2 robe of cold resistance (212 gold, have 44).
You can access your shopping list by pressing '$'.
You open the door.
There is an open door here.
A phantom comes into view.
You shoot an arrow. The arrow barely misses the phantom.
The phantom hits you.
The phantom blinks!
You blink.
You shoot an arrow. The arrow hits the phantom.
The phantom is lightly damaged.
The phantom hits you.
You shoot an arrow. The arrow hits the phantom!
The phantom is moderately damaged.
The phantom hits you.
You shoot an arrow. The arrow closely misses the phantom.
The phantom hits you.
You shoot an arrow. The arrow hits the phantom.
The phantom is heavily damaged.
The phantom hits you.
You shoot an arrow. The arrow closely misses the phantom.
The phantom hits you but does no damage.
You shoot an arrow. The arrow hits the phantom.
The phantom is severely damaged.
The phantom closely misses you.
You shoot an arrow.
The arrow hits the phantom but does no damage.
The phantom is severely damaged.
The phantom hits you.
The phantom blinks!
You blink.
You shoot an arrow. The arrow hits the phantom.
The phantom is almost destroyed.
The phantom hits you.
You die...

#.# ###### ... ...
...... ..# #.# ######
#### #.# #.# ...... ...
#.# #.# ...... #.. .#.#
#.######## #.##.^###.#.#
#.........
..........#.###.########
#...#@###..##.###
#...W..#'#....#
.....####ยค#.#....#
##.#. ###.###..# # #
+..\..'..# ###.###..#
#.# ...# #+# ...# ....#


You could see a phantom.

Vanquished Creatures
  A dart slug (D:1)
  A bat (D:1)
  6 endoplasms (D:1)
  2 giant cockroaches (D:1)
  A goblin (D:1)
  4 hobgoblins (D:1)
  2 kobolds (D:1)
  2 quokkas (D:1)
  3 ball pythons (D:1)
  2 rats (D:1)
24 creatures vanquished.

Notes
Turn   | Place    | Note
-------+----------+-------------------------------------------
     0 | D:1      | qw the Deep Elf Hunter began the quest for the Orb.
     0 | D:1      | Reached XP level 1. HP: 12/12 MP: 3/3
     0 | D:1      | 0 ||| qw: Version: 0.3-a-155-g5e7d8dd
     0 | D:1      | 0 ||| qw: Game counter: 663
     0 | D:1      | 0 ||| qw: Melee chars always use a shield: true
     0 | D:1      | 0 ||| qw: God list: Okawaru
     0 | D:1      | 0 ||| qw: Allow faded altars: false
     0 | D:1      | 0 ||| qw: Do Orc after clearing Dungeon:15 true
     0 | D:1      | 0 ||| qw: Do second Lair branch before Depths: true
     0 | D:1      | 0 ||| qw: Lair rune preference: random
     0 | D:1      | 0 ||| qw: Goals: Normal
     0 | D:1      | 0 ||| PLANNING D:1-11
   236 | D:1      | Reached XP level 2. HP: 16/16 MP: 4/4
   289 | D:1      | Reached skill level 6 in Ranged Weapons
   496 | D:1      | Reached XP level 3. HP: 20/20 MP: 5/5
   663 | D:1      | 663 ||| UPGRADING to +0 helmet.
   668 | D:1      | 668 ||| UPGRADING to amulet of guardian spirit.
   673 | D:1      | 673 ||| UPGRADING to +6 ring of dexterity.
   674 | D:1      | 674 ||| DRINKING 3 murky silvery potions.
   675 | D:1      | 675 ||| DROPPING scroll of butterflies.
   676 | D:1      | 676 ||| DROPPING 2 potions of brilliance.
   747 | D:2      | Found Lelirea's Armour Emporium.
   752 | D:2      | 752 ||| SHOPLISTING +0 pair of gloves (54 gold, have 44).
   752 | D:2      | 752 ||| SHOPLISTING +1 scale mail of poison resistance (156
                  | gold, have 44).
   752 | D:2      | 752 ||| SHOPLISTING +2 robe of cold resistance (212 gold,
                  | have 44).
   760 | D:2      | Noticed a phantom
   764 | D:2      | HP: 5/20 [phantom (3)]
   765 | D:2      | HP: 2/20 [phantom (3)]
   769 | D:2      | Slain by a phantom

Levels and vault maps discovered:
D:1:      mrwooster_arrival_statue_3, layout_loops_ring
D:2:      cheibrodos_greedy_goblins, layout_basic,
          dilly_ecumenical_altar_fadedgnrine, serial_shops, shop,
          nicolae_shop_hallway_plus, nicolae_shop_bloodbath_and_beyond, shop,
          minmay_misc_feat_nine_boxes, roderic_serpentine_path,
          hangedman_decor_push

Skill      XL: |  1  2 |
---------------+-------+-----
Ranged Weapons | 6 |  6.7
Fighting       | |  1.5
Dodging        | |  2.4
Stealth        | |  1.2

Action                     || total
---------------------------++-------
   Fire: Shortbow          ||    77
    Use: Potion            ||     1
 Armour: Leather armour    ||    22
  Dodge: Dodged            ||    14

Table legend:
 A = Non-vault XP
 B = Vault XP
 C = Vault XP percentage of total XP
 D = Non-vault monster count
 E = Vault monster count
 F = Vault count percentage of total count
                 A         B        C        D         E       F
            +---------+---------+-------+---------+---------+-------
      Total |      45 |       0 |   0.0 |      24 |       0 |   0.0
            +---------+---------+-------+---------+---------+-------
        D:1 |      45 |       0 |   0.0 |      24 |       0 |   0.0
            +---------+---------+-------+---------+---------+-------
